 Dungeon Crawl Stone Soup version 0.22-a0-855-g415d086bb8 (webtiles) character file.

492 pottolama the Fighter (level 7, -1/68 HPs)
             Began as a Hill Orc Fighter on July 27, 2018.
             Was an Initiate of Beogh.
             Slain by a phantom (4 damage)
             ... on level 4 of the Dungeon.
             The game lasted 00:26:49 (3600 turns).

pottolama the Fighter (Hill Orc Fighter)            Turns: 3600, Time: 00:26:49

Health: -1/68      AC:  4    Str: 21    XL:     7   Next: 14%
Magic:  7/7        EV:  8    Int:  8    God:    Beogh [......]
Gold:   83         SH:  9    Dex: 10    Spells: 6/6 levels left

rFire    x . .     SeeInvis .   m - +1 spear (freeze)
rCold    + . .     Gourm    .   c - +0 shield
rNeg     . . .     Faith    .   l - -1 ring mail (curse)
rPois    .         Spirit   .   (no helmet)
rElec    .         Reflect  .   (no cloak)
rCorr    +         Harm     .   (no gloves)
MR       .....                  (no boots)
Stlth    ..........             (no amulet)
HPRegen  0.21/turn              g - ring of ice
MPRegen  0.10/turn              j - ring of resist corrosion

@: no status effects
A: no striking features
a: Renounce Religion


You were on level 4 of the Dungeon.
You worshipped Beogh.
Beogh was noncommittal.
You were hungry.

You visited 1 branch of the dungeon, and saw 4 of its levels.

You collected 83 gold pieces.

Inventory:

Hand Weapons
 a - a +0 flail
 m - a +1 spear of freezing (weapon)
Armour
 b - a +0 scale mail
 c - a +0 shield (worn)
 l - a cursed -1 ring mail (worn)
Jewellery
 g - a ring of ice (left hand)
 j - a ring of resist corrosion (right hand)
Scrolls
 e - 2 scrolls of identify
 h - a scroll of amnesia
 k - 2 scrolls of blinking
Potions
 i - a potion of magic
 o - a potion of haste
 p - a potion of invisibility {unknown}
Comestibles
 d - a chunk of flesh
 f - 5 rations


   Skills:
 * Level 8.1 Fighting
 - Level 2.7 Maces & Flails
 + Level 3.9 Polearms
 - Level 3.2 Armour
 - Level 3.2 Shields


You had 6 spell levels left.
You didn't know any spells.
Your spell library was empty.

Dungeon Overview and Level Annotations

Branches:
Dungeon (4/15)
 Temple: D:4-7

Altars:
Sif Muna


Message History

You hit the phantom.
The phantom is lightly damaged.
You block the phantom's attack.
You barely miss the phantom.
The phantom is lightly damaged.
The phantom hits you.
* * * LOW HITPOINT WARNING * * *
You hit the phantom.
The phantom is lightly damaged.
The phantom barely misses you. The phantom hits you.
* * * LOW HITPOINT WARNING * * *
You hit the phantom.
The phantom is moderately damaged.
You closely miss the phantom.
The phantom is moderately damaged.
The phantom hits you but does no damage.
You hit the phantom but do no damage.
The phantom is moderately damaged.
The phantom hits you.
You die...

#.... .. .... . #...
. #.?#.### ##..#...
.....# #.).?# ..#.#
#@# .#.# #W# ... #†#
. #.# ##### #.####.#
#.###<..# #......#
#.......###÷...#...
##...........##.#
#.<.........## .#
#....................


You could see a phantom.

Vanquished Creatures
  Sigmund (D:3)
  A phantom (D:2)
  A howler monkey (D:4)
  2 worker ants (D:4)
  Robin (D:3)
  5 adders
  An ooze (D:1)
  4 worms (D:2)
  4 dart slugs
  3 leopard geckos
  2 orcs
  3 giant cockroaches
  11 goblins
  5 hobgoblins
  4 jackals (D:4)
  A quokka (D:3)
  3 ball pythons (D:3)
  6 bats
  4 frilled lizards
  6 kobolds
  4 rats
72 creatures vanquished.

Vanquished Creatures (others)
  An orc priest (D:4)
  An orc wizard (D:4)
2 creatures vanquished.

Grand Total: 74 creatures vanquished

Notes
Turn   | Place    | Note
-------+----------+-------------------------------------------
     0 | D:1      | pottolama the Hill Orc Fighter began the quest for the Orb.
     0 | D:1      | Reached XP level 1. HP: 19/19 MP: 1/1
   323 | D:1      | Reached skill level 4 in Fighting
   323 | D:1      | Reached XP level 2. HP: 27/27 MP: 2/2
   781 | D:2      | Reached XP level 3. HP: 25/34 MP: 3/3
  1106 | D:2      | Reached skill level 5 in Fighting
  1210 | D:2      | Reached skill level 1 in Polearms
  1508 | D:2      | Reached XP level 4. HP: 26/42 MP: 4/4
  1631 | D:2      | Noticed a phantom
  1669 | D:2      | Killed a phantom
  1669 | D:2      | Reached skill level 6 in Fighting
  1669 | D:2      | Reached XP level 5. HP: 5/50 MP: 5/5
  2112 | D:3      | Found a deep blue altar of Sif Muna.
  2312 | D:3      | Noticed Robin
  2336 | D:3      | Killed Robin
  2513 | D:3      | Noticed Sigmund
  2541 | D:3      | Killed Sigmund
  2541 | D:3      | Reached skill level 7 in Fighting
  2541 | D:3      | Reached XP level 6. HP: 34/60 MP: 6/6
  3566 | D:4      | Reached XP level 7. HP: 34/67 MP: 7/7
  3573 | D:4      | Became a worshipper of Beogh the Brigand
  3593 | D:4      | Reached skill level 8 in Fighting
  3596 | D:4      | HP: 3/68 [phantom (2)]
  3600 | D:4      | Slain by a phantom

Vault maps used:
D:1:      minmay_arrival_hallway
D:2:      first_ration
D:3:      overflow_temple_1_default, kennysheep_another_room, minmay_liquid_box,
          minmay_misc_feat_doors, uniq_sigmund, uniq_robin
D:4:      ebering_ghost_inner_flame

Skill      XL: |  1  2  3  4  5  6  7 |
---------------+----------------------+-----
Fighting       | 4 5 6 7 8 |  8.1
Polearms       | 1 2 3 |  3.9
Maces & Flails | |  2.7
Armour         | |  3.2
Shields        | |  3.2

Action                   |  1- 3 |  4- 6 |  7- 9 || total
-------------------------+-------+-------+-------++-------
Melee: Flail             |    62 |       |       ||    62
       Spear             |    60 |   171 |    32 ||   263
Invok: Convert to Beogh  |       |       |     1 ||     1
  Use: Scroll            |     3 |     1 |       ||     4
       Potion            |       |     7 |     1 ||     8
  Eat: Chunk             |     2 |     6 |       ||     8
Armor: Scale mail        |    11 |       |       ||    11
       Ring mail         |    27 |    19 |     5 ||    51
Dodge: Dodged            |    37 |    35 |     7 ||    79
Block: Shield            |    58 |    58 |    16 ||   132

Table legend:
 A = Spawn XP
 B = Non-spawn XP
 C = Spawn XP percentage of total XP
 D = Spawn monster count
 E = Non-spawn monster count
 F = Spawn count percentage of total count
 G = Total turns spent on level
                    A         B        C        D         E        F      G
               +---------+---------+-------+---------+---------+-------+---------
         Total |       0 |     704 |   0.0 |       0 |      73 |   0.0 |  3600
               +---------+---------+-------+---------+---------+-------+---------
           D:1 |       0 |      24 |   0.0 |       0 |      11 |   0.0 |   686
           D:2 |       0 |     186 |   0.0 |       0 |      22 |   0.0 |  1407
           D:3 |       0 |     309 |   0.0 |       0 |      28 |   0.0 |  1373
           D:4 |       0 |     185 |   0.0 |       0 |      12 |   0.0 |   134
               +---------+---------+-------+---------+---------+-------+---------
